 Dungeon Crawl Stone Soup version 0.30-a0-634-g8abc85282e (webtiles) character file.

Game seed: 11192640487984065943

5789 mhtbhm the Grappler (level 10, -10/91 HPs)
             Began as a Troll Transmuter on Jan 15, 2023.
             Was an Initiate of Gozag.
             Mangled by a two-headed ogre
             ... wielding a +0 giant club
              (28 damage)
             ... on level 8 of the Dungeon.
             The game lasted 00:16:27 (8409 turns).

mhtbhm the Grappler (Troll Transmuter)              Turns: 8409, Time: 00:16:28

Health: -10/91     AC:  5    Str: 24    XL:     10   Next: 50%
Magic:  8/17       EV: 10    Int: 15    God:    Gozag
Gold:   764        SH:  0    Dex: 10    Spells: 9/19 levels left

rFire   . . .      SeeInvis .      - Unarmed
rCold   . . .      Faith    .    (no shield)
rNeg    + . .      Spirit   .    a - +0 robe
rPois   .          Reflect  .    (helmet restricted)
rElec   .          Harm     .    p - +0 cloak
rCorr   .          Rampage  .    (gloves unavailable)
Will    .....                    (boots unavailable)
Stlth   ++                       (no amulet)
HPRegen 1.15/turn                j - +6 ring of intelligence
MPRegen 0.15/turn                y - ring of positive energy

@: gold aura, slightly contaminated
A: large, unfitting armour, claws 3, regeneration 1, shaggy fur 1, tough skin 1
a: Renounce Religion, Potion Petition, Call Merchant, Bribe Branch


You were on level 8 of the Dungeon.
You worshipped Gozag.
Gozag was pleased with you.
You visited 2 branches of the dungeon, and saw 9 of its levels.

You collected 1300 gold pieces.
You spent 440 gold pieces at shops.
You paid 96 gold pieces to Gozag.

Inventory:

Armour
 a - a +0 robe (worn)
 p - a +0 cloak (worn)
Jewellery
 j - a +6 ring of intelligence (left claw)
 y - a ring of positive energy (right claw)
Wands
 q - a wand of charming (22)
 D - a wand of digging (7)
Scrolls
 b - 2 scrolls of enchant armour
 c - a scroll of torment
 h - a scroll of fog
 i - 2 scrolls of identify
 n - a scroll of acquirement {unknown}
 r - 5 scrolls of teleportation {unknown}
 u - 3 scrolls of enchant weapon {unknown}
 v - a scroll of poison {unknown}
 w - a scroll of magic mapping {unknown}
 x - 2 scrolls of vulnerability {unknown}
Potions
 d - a potion of attraction {unknown}
 e - a potion of brilliance {unknown}
 f - 2 potions of haste {unknown}
 g - 6 potions of flight
 k - 3 potions of mutation {unknown}
 l - 4 potions of curing {unknown}
 o - a potion of cancellation {unknown}
 s - a potion of berserk rage {unknown}
 t - 4 potions of resistance {unknown}
 z - a potion of ambrosia {unknown}
 A - 2 potions of degeneration {unknown}
 B - 2 potions of might {unknown}
Miscellaneous
 C - a condenser vane (inert)


   Skills:
 + Level 3.5 Fighting
 + Level 4.2 Dodging
 + Level 1.7 Stealth
 + Level 9.2 Unarmed Combat
 + Level 5.4 Spellcasting
 + Level 5.5 Transmutations
 + Level 0.8 Ice Magic
 + Level 0.2 Poison Magic
 + Level 0.6 Evocations


You had 9 spell levels left.
You knew the following spells:

 Your Spells              Type           Power      Damage    Failure   Level
a - Beastly Appendage     Tmut           40%        N/A       1%          1
b - Wereblood             Tmut           20%        N/A       2%          2
c - Spider Form           Tmut/Pois      12%        N/A       14%         3
d - Ice Form              Ice/Tmut       13%        N/A       38%         4

Your spell library contained the following spells:

 Spells                   Type           Power      Damage    Failure   Level
 Passwall                 Tmut/Erth      10%        N/A       8%          2
 Ensorcelled Hibernation  Hex/Ice        10%        N/A       21%         2
 Swiftness                Air            4%         N/A       43%         3
 Summon Forest            Summ/Tloc      2%         N/A       99%         5
 Summon Mana Viper        Hex/Summ       4%         N/A       99%         5
 Summon Cactus Giant      Summ           2%         N/A       100%        6
 Enfeeble                 Hex            2%         N/A       100%        7
 Chain Lightning          Conj/Air       2%         3d2       100%        9


Dungeon Overview and Level Annotations

Branches:
Dungeon (8/15)             Temple (1/1) D:5
   Lair: D:8-11

Altars:
Ashenzari
Cheibriados
Dithmenos
Elyvilon
Fedhas
Gozag
Hepliaklqana
Kikubaaqudgha
Makhleb
Nemelex Xobeh
Okawaru
Qazlal
Ru
Sif Muna
Trog
Uskayaw
Vehumet
Wu Jian
Xom
Yredelemnul
Zin
The Shining One

Shops:
D:4 *


Innate Abilities, Weirdness & Mutations

You are too large for most types of armour.
You have claws for hands.
Your natural rate of healing is unusually fast.
You are covered in fur. (AC +1)
You have tough skin. (AC +1)


Message History

The mass of ice explodes!
The iceblast engulfs the six-headed hydra!
You kill the six-headed hydra!
The now-empty wand crumbles to dust.
A two-headed ogre comes into view. It is wielding two +0 giant clubs.
Unknown command.
Unknown command.
Unknown command.
Aiming: Charm
Press: ? - help, Shift-Dir - straight line, f - two-headed ogre
Aim: a two-headed ogre, wielding two +0 giant clubs (chance to affect: 32%)
Okay, then.
A bullfrog comes into view.
The bullfrog moves out of view.
You see here a +0 shortbow.
You see here a +0 ring mail.
As you read the scroll of fog, it crumbles to dust.
The scroll dissolves into smoke.
Okay, then.
Okay, then.
Okay, then.
Okay, then.
Okay, then.
Casting: Ice Form (dangerous; 38% risk of failure)
Confirm with . or Enter, or press ? or * to list all spells.
Okay, then.
Casting: Ice Form (dangerous; 38% risk of failure)
Confirm with . or Enter, or press ? or * to list all spells.
Okay, then.
Casting: Ice Form (dangerous; 38% risk of failure)
Confirm with . or Enter, or press ? or * to list all spells.
You miscast Ice Form.
You shiver with cold!
* * * LOW HITPOINT WARNING * * *
Unknown command.
You barely miss the two-headed ogre. You mangle the two-headed ogre!!
The two-headed ogre is moderately wounded.
The two-headed ogre hits you with a +0 giant club!!
You die...
Your body crumbles into a pile of gold.

..#######...# #....###.##.##.....
.##.#.#[##..###.##.# #.##.##.#...
##..#.#..##........###.......##..
#.#.#.#.#.########........######+
....#.#....#.##..#.#.#.#### #.
####.#$######.#..#...#.# #.
)...###)F.O.##F##....#.## ##.
####.#.#####.)#O##..#...# ##..
[...#.#...[#..##@#.##.<.# #...
#.#.#.#.#.########..#...#### #..#
##..#.#..## ##........###.##
###.#.#[## ##..........##
.######## ##......###.## .#
#...#### #..# # #...# #... #...#
#... # #.### ###.


You could see a two-headed ogre and a bullfrog.

Vanquished Creatures
  A hydra (D:8)
  A troll (D:7)
  2 hornets (D:8)
  5 yaks (D:8)
  2 steam dragons (D:8)
  An acid dragon (D:8)
  A water moccasin (D:8)
  A black bear (D:8)
  An orc warrior (D:7)
  4 ice beasts
  3 centaurs
  4 phantoms (D:6)
  A kobold brigand (D:6)
  A gnoll sergeant (D:8)
  3 bullfrogs
  2 necrophages
  10 wights
  5 killer bees (D:8)
  6 howler monkeys
  7 hounds
  4 jellies
  2 orc priests
  Ijyb (D:3)
  3 iguanas
  2 orc wizards
  15 gnolls
  4 adders
  A white imp (D:7)
  An ufetubus (D:5)
  A worm (D:4)
  2 dart slugs
  27 orcs
  6 endoplasms
  2 giant cockroaches
  8 goblins
  10 hobgoblins
  3 jackals (D:2)
  12 kobolds
  8 ball pythons
  6 bats
  4 frilled lizards
  8 rats
191 creatures vanquished.

Vanquished Creatures (others)
  5 plants (D:6)
5 creatures vanquished.

Grand Total: 196 creatures vanquished

Notes
Turn   | Place    | Note
-------+----------+-------------------------------------------
     0 | D:1      | mhtbhm the Troll Transmuter began the quest for the Orb.
     0 | D:1      | Reached XP level 1. HP: 18/18 MP: 1/1
   340 | D:1      | Reached XP level 2. HP: 26/26 MP: 0/3
   434 | D:1      | Learned a level 2 spell: Wereblood
   632 | D:1      | Found a faded altar of an unknown god.
   743 | D:2      | Reached XP level 3. HP: 29/32 MP: 2/4
   945 | D:2      | Reached XP level 4. HP: 26/40 MP: 5/5
   948 | D:2      | Reached skill level 1 in Fighting
  1709 | D:2      | Learned a level 3 spell: Spider Form
  2066 | D:3      | Noticed Ijyb
  2072 | D:3      | Killed Ijyb
  2073 | D:3      | Reached XP level 5. HP: 48/48 MP: 5/7
  2754 | D:4      | Reached skill level 4 in Unarmed Combat
  2834 | D:4      | Found Rygurap's Gadget Gallery.
  2843 | D:4      | Reached XP level 6. HP: 49/55 MP: 4/8
  2902 | D:4      | Learned a level 4 spell: Ice Form
  3268 | D:4      | Found an ancient bone altar of Kikubaaqudgha.
  3272 | D:4      | Found a broken altar of Ashenzari.
  3285 | D:4      | Found a basalt altar of Yredelemnul.
  3500 | D:5      | Entered Level 5 of the Dungeon
  3923 | D:5      | Found a staircase to the Ecumenical Temple.
  3923 | D:5      | Noticed an ice beast
  3935 | D:5      | Killed an ice beast
  3936 | D:5      | Reached XP level 7. HP: 62/62 MP: 10/10
  4078 | Temple   | Entered the Ecumenical Temple
  4205 | D:5      | Found an opulent altar of Gozag.
  4207 | D:5      | Found a burning altar of Makhleb.
  4220 | D:5      | Became a worshipper of Gozag Ym Sagoz the Greedy
  4365 | D:5      | Reached skill level 5 in Unarmed Combat
  4701 | D:6      | Reached skill level 1 in Stealth
  4701 | D:6      | Reached XP level 8. HP: 17/70 MP: 8/12
  4732 | D:6      | Reached skill level 6 in Unarmed Combat
  5186 | D:4      | Bought a condenser vane for 440 gold pieces
  5426 | D:7      | Got Voapinnajo's Parchment of the Hapless Brume
  6336 | D:7      | Noticed a troll
  6347 | D:7      | Killed a troll
  6348 | D:7      | Reached XP level 9. HP: 22/79 MP: 11/14
  6701 | D:7      | Reached skill level 7 in Unarmed Combat
  7094 | D:8      | Reached skill level 5 in Transmutations
  7249 | D:8      | Reached skill level 5 in Spellcasting
  7259 | D:8      | Reached skill level 8 in Unarmed Combat
  7336 | D:8      | Reached XP level 10. HP: 91/91 MP: 9/16
  7476 | D:8      | Paralysed by a hornet for 2 turns
  7813 | D:8      | Paralysed by a hornet for 3 turns
  8037 | D:8      | Reached skill level 9 in Unarmed Combat
  8379 | D:8      | Noticed a four-headed hydra
  8397 | D:8      | Killed a six-headed hydra
  8397 | D:8      | Noticed a two-headed ogre
  8409 | D:8      | Mangled by a two-headed ogre

Illustrated notes

Levels and vault maps discovered:
D:1:      shiori_arrival_oz, layout_basic, ebering_ecumenical_altar_box
D:2:      minmay_spotlight, layout_loops_cross, roderic_lattice_a,
          nicolae_figureground_sparkle
D:3:      layout_basic, uniq_ijyb
D:4:      layout_rooms, grunt_temple_overflow_diamond,
          nicolae_concentric_dashed_squares_mild, minivault_24,
          nicolae_shop_gadgets
D:5:      layout_loops_cross, chequers_temple_overflow_statue_of_worship,
          minmay_temple_entry_slanted, chequers_serial_rivers_large_b
D:6:      layout_rooms, st_stairs_9, serial_bayou_pond_c
D:7:      layout_basic
D:8:      minmay_the_grid_octo_tiled_squarecenter
          [minmay_the_grid_octo_checkerflower, minmay_the_grid_octo_chip,
          minmay_the_grid_octo_checkered, minmay_the_grid_octo_clover,
          minmay_the_grid_square_5x5_megaprize_open,
          minmay_the_grid_square_5x5_inset, minmay_the_grid_square_5x5_c,
          minmay_the_grid_square_5x5_dogpile,
          minmay_the_grid_square_5x5_percent], layout_loops_corners
Temple:   sentei_temple_godly_chess

Skill      XL: |  1  2  3  4  5  6  7  8  9 10 |
---------------+-------------------------------+-----
Fighting       | 1 2 3 |  3.5
Transmutations | 2 3 4 5 |  5.5
Spellcasting   | 2 3 4 5 |  5.4
Unarmed Combat | 4 5 6 8 9 |  9.2
Dodging        | 2 3 4 |  4.2
Stealth        | 1 |  1.7
Ice Magic      | |  0.8
Poison Magic   | |  0.2
Evocations     | |  0.6

Action                   |  1- 3 |  4- 6 |  7- 9 | 10-12 || total
-------------------------+-------+-------+-------+-------++-------
Melee: Unarmed           |    74 |   127 |   237 |    56 ||   494
       Kick              |     4 |    20 |    52 |     3 ||    79
       Headbutt          |     2 |    13 |    39 |     1 ||    55
       Punch             |     1 |     2 |     7 |     3 ||    13
 Cast: Beastly Appendage |     9 |    38 |    34 |     7 ||    88
       Wereblood         |       |     2 |    24 |     4 ||    30
       Spider Form       |       |     1 |       |       ||     1
       Ice Form          |       |       |     1 |     2 ||     3
Evoke: Wand              |       |       |     3 |     4 ||     7
       Condenser vane    |       |       |       |     1 ||     1
  Use: Potion            |       |     1 |     3 |       ||     4
       Scroll            |       |       |     5 |     3 ||     8
 Stab: Sleeping          |       |     2 |       |     1 ||     3
       Distracted        |       |       |     3 |     1 ||     4
Armor: Robe              |    45 |    31 |    55 |    13 ||   144
       Skin              |       |     5 |     4 |     3 ||    12
Dodge: Dodged            |    39 |    55 |   119 |    28 ||   241

Table legend: (Time is in decaauts)
 A = Elapsed time spent in this place.
 B = Non-inter-level travel time spent in this place.
 C = Inter-level travel time spent in this place.
 D = Time resting spent in this place.
 E = Time spent auto-exploring this place.
 F = Levels seen in this place.
 G = Mean time per level.
                   A        B        C        D        E       F      G
               +--------+--------+--------+--------+--------+-----+--------+
         Total |   8369 |   8213 |    156 |   1175 |   5147 |   9 |  929.9 |
       Dungeon |   8318 |   8162 |    156 |   1175 |   5147 |   8 | 1039.8 |
        Temple |     51 |     51 |      0 |      0 |      0 |   1 |   51.0 |
               +--------+--------+--------+--------+--------+-----+--------+

Top non-repeatable levels by time:
     D:8: 1581 daAuts
     D:7: 1541 daAuts
     D:5: 1076 daAuts
     D:3: 1024 daAuts
     D:2: 973 daAuts
     D:4: 782 daAuts
     D:1: 729 daAuts
     D:6: 607 daAuts
  Temple: 51 daAuts
